ESL (28 & UNDER)
WILMINGTON REBELS @ KINGSTON IGUANAS
09/20/2026
 
TOP OF THE 1ST
Wilmington Rebels batting - Pitching for Kingston Iguanas : RHP Fernando Castillo
Pitching: RHP Fernando Castillo
Batting: SHB Charles Alexander 0-0: Ball
1-0: Ball
2-0: Ball
3-0: Base on Balls
Batting: RHB Roy MacCluskie 0-0: Called Strike
0-1: Swinging Strike
0-2: Ball
1-2: Ball
2-2: Strikes out swinging
Batting: RHB Enrico Bonizo 0-0: Ball
1-0: Called Strike
1-1: Swinging Strike
1-2: Ball
2-2: Ball
3-2: Base on Balls
Charles Alexander to second
Batting: RHB Francisco Tańón 0-0: Ball
1-0: Ball
2-0: Ball
3-0: Called Strike
3-1: Base on Balls
Charles Alexander to third
Enrico Bonizo to second
Batting: RHB Carlos Ordóńez 0-0: Called Strike
0-1: Ball
1-1: SINGLE (Line Drive, 4D)
Charles Alexander scores
Enrico Bonizo to third
Francisco Tańón to second
Batting: RHB Al Reese 0-0: Ball
1-0: Ball
2-0: Ball
3-0: Called Strike
3-1: Called Strike
3-2: Base on Balls
Enrico Bonizo scores
Francisco Tańón to third
Carlos Ordóńez to second
Batting: RHB Jessie Thompson 0-0: Ball
1-0: Fly out, F8 (Flyball, 8RM)
Runner from 3rd tags up, SCORES, no throw
Batting: LHB Tim Bruce 0-0: Swinging Strike
0-1: SINGLE (Line Drive, 9S)
Carlos Ordóńez to third
Al Reese to second
Runner from 3rd tries for Home, SAFE, throw made home
Batting: RHB Bob Lazzeri 0-0: Foul Ball, location: 2F
0-1: Foul Ball, location: 2F
0-2: Ground out 4-3 (Groundball, 4)
Top of the 1st over - 4 run(s), 2 hit(s), 0 error(s), 2 left on base; Wilmington 4 - Kingston 0
BOTTOM OF THE 1ST
Kingston Iguanas batting - Pitching for Wilmington Rebels : RHP Thomas Dent
Pitching: RHP Thomas Dent
Batting: LHB Mike Godfrey 0-0: Called Strike
0-1: Foul Ball, location: 2F
0-2: Strikes out swinging
Batting: RHB William Duncan 0-0: Fly out, F8 (Flyball, 8LM)
Batting: RHB Soshu Nakamura 0-0: Ball
1-0: Fly out, F3 (Popup, 3F)
Bottom of the 1st over - 0 run(s), 0 hit(s), 0 error(s), 0 left on base; Wilmington 4 - Kingston 0
TOP OF THE 2ND
Wilmington Rebels batting - Pitching for Kingston Iguanas : RHP Fernando Castillo
Batting: SHB Charles Alexander 0-0: Called Strike
0-1: Foul Ball, location: 2F
0-2: SINGLE (Groundball, 5D)
Batting: RHB Roy MacCluskie 0-0: Ball
1-0: Foul Ball, location: 2F
1-1: Swinging Strike
1-2: Ball
2-2: Strikes out swinging
Batting: RHB Enrico Bonizo 0-0: Ball
1-0: Called Strike
1-1: Foul Ball, location: 2F
1-2: Ball
2-2: Fly out, F3 (Popup, 3SF)
Batting: RHB Francisco Tańón 0-0: Foul Ball, location: 2F
0-1: Foul Ball, location: 2F
0-2: Fielders Choice at 2nd, 5-4 (Groundball, 56)
Top of the 2nd over - 0 run(s), 1 hit(s), 0 error(s), 0 left on base; Wilmington 4 - Kingston 0
BOTTOM OF THE 2ND
Kingston Iguanas batting - Pitching for Wilmington Rebels : RHP Thomas Dent
Batting: RHB Luis Aguilar 0-0: Called Strike
0-1: Ball
1-1: Foul Ball, location: 2F
1-2: Foul Ball, location: 2F
1-2: Ball
2-2: Ball
3-2: Foul Ball, location: 2F
3-2: Ground out 3-1 (Groundball, 3D)
Batting: LHB Bob Greene 0-0: Called Strike
0-1: Called Strike
0-2: Foul Ball, location: 2F
0-2: Ground out 1-3 (Groundball, 13)
Batting: LHB Dave Gordon 0-0: Called Strike
0-1: Ball
1-1: Ground out 3-1 (Groundball, 34)
Bottom of the 2nd over - 0 run(s), 0 hit(s), 0 error(s), 0 left on base; Wilmington 4 - Kingston 0
TOP OF THE 3RD
Wilmington Rebels batting - Pitching for Kingston Iguanas : RHP Fernando Castillo
Batting: RHB Carlos Ordóńez 0-0: Called Strike
0-1: Ball
1-1: Ball
2-1: Foul Ball, location: 2F
2-2: Fly out, F8 (Flyball, 8RD)
Batting: RHB Al Reese 0-0: SINGLE (Line Drive, 7S)
Batting: RHB Jessie Thompson 0-0: Ball
1-0: 2-RUN HOME RUN (Flyball, 89XD), Distance : 401 ft
Batting: LHB Tim Bruce 0-0: Called Strike
0-1: Ball
1-1: Swinging Strike
1-2: Strikes out swinging
Batting: RHB Bob Lazzeri 0-0: DOUBLE (Line Drive, 89M)
Batting: SHB Charles Alexander 0-0: Swinging Strike
0-1: Called Strike
0-2: Ball
1-2: Ball
2-2: Strikes out swinging
Top of the 3rd over - 2 run(s), 3 hit(s), 0 error(s), 1 left on base; Wilmington 6 - Kingston 0
BOTTOM OF THE 3RD
Kingston Iguanas batting - Pitching for Wilmington Rebels : RHP Thomas Dent
Batting: RHB Bobby Armstrong 0-0: Called Strike
0-1: Foul Ball, location: 2F
0-2: Ball
1-2: Ball
2-2: Foul Ball, location: 2F
2-2: Ball
3-2: Ground out 6-3 (Groundball, 6M)
Batting: LHB Poto Vasilini 0-0: Ball
1-0: Ball
2-0: Called Strike
2-1: Foul Ball, location: 2F
2-2: Foul Ball, location: 2F
2-2: Ball
3-2: Ground out 1-3 (Groundball, 13)
Batting: LHB Juan Romero 0-0: Ball
1-0: SINGLE (Line Drive, 9S)
Batting: LHB Mike Godfrey 0-0: Ball
1-0: Ball
Wild Pitch!
Juan Romero to second
2-0: Ball
3-0: Base on Balls
Batting: RHB William Duncan 0-0: Fly out, F8 (Line Drive, 8LS)
Bottom of the 3rd over - 0 run(s), 1 hit(s), 0 error(s), 2 left on base; Wilmington 6 - Kingston 0
TOP OF THE 4TH
Wilmington Rebels batting - Pitching for Kingston Iguanas : RHP Fernando Castillo
Batting: RHB Roy MacCluskie 0-0: Swinging Strike
0-1: Foul Ball, location: 2F
0-2: Ball
1-2: Foul Ball, location: 2F
1-2: Ball
2-2: Ball
3-2: Strikes out swinging
Batting: RHB Enrico Bonizo 0-0: Ball
1-0: Ball
2-0: Swinging Strike
2-1: Foul Ball, location: 2F
2-2: Foul Ball, location: 2F
2-2: Strikes out swinging
Batting: RHB Francisco Tańón 0-0: Ball
1-0: Ball
2-0: Foul Ball, location: 2F
2-1: Ball
3-1: Base on Balls
Batting: RHB Carlos Ordóńez 0-0: Ball
1-0: Foul Ball, location: 2F
1-1: Swinging Strike
1-2: Strikes out swinging
Top of the 4th over - 0 run(s), 0 hit(s), 0 error(s), 1 left on base; Wilmington 6 - Kingston 0
BOTTOM OF THE 4TH
Kingston Iguanas batting - Pitching for Wilmington Rebels : RHP Thomas Dent
Batting: RHB Soshu Nakamura 0-0: Foul Ball, location: 2F
0-1: Fly out, F3 (Popup, 3SF)
Batting: RHB Luis Aguilar 0-0: Called Strike
0-1: Ball
1-1: DOUBLE (Line Drive, 78XD)
Batting: LHB Bob Greene 0-0: Ball
1-0: Called Strike
1-1: Fly out, F8 (Flyball, 8RD)
Runner from 2nd tags up, SAFE at 3rd with throw
Batting: LHB Dave Gordon 0-0: DOUBLE (Flyball, 7LM)
Luis Aguilar scores
Batting: RHB Bobby Armstrong 0-0: Called Strike
0-1: Ball
1-1: Ball
2-1: Ball
3-1: Called Strike
3-2: Ground out 6-3 (Groundball, 6M)
Bottom of the 4th over - 1 run(s), 2 hit(s), 0 error(s), 1 left on base; Wilmington 6 - Kingston 1
TOP OF THE 5TH
Wilmington Rebels batting - Pitching for Kingston Iguanas : RHP Fernando Castillo
Batting: RHB Al Reese 0-0: Foul Ball, location: 2F
0-1: DOUBLE (Groundball, 5L)
Pitching: RHP Vic Bradshaw
Batting: RHB Jessie Thompson 0-0: Ball
Error on foul ball, E2
1-1: Ball
2-1: Ball
3-1: SINGLE (Groundball, 56D)
Al Reese to third
Batting: LHB Tim Bruce 0-0: Ball
1-0: Fly out, F8 (Flyball, 8LXD)
Runner from 3rd tags up, SCORES, no throw
Batting: RHB Bob Lazzeri 0-0: Ball
1-0: Ball
2-0: Called Strike
2-1: Foul Ball, location: 2F
2-2: Ball
Pickoff Throw to First - Out!
3-2: Base on Balls
Batting: SHB Charles Alexander 0-0: Ball
1-0: Foul Ball, location: 2F
1-1: Foul Ball, location: 2F
1-2: Foul Ball, location: 2F
1-2: Strikes out swinging
Top of the 5th over - 1 run(s), 2 hit(s), 1 error(s), 1 left on base; Wilmington 7 - Kingston 1
BOTTOM OF THE 5TH
Kingston Iguanas batting - Pitching for Wilmington Rebels : RHP Thomas Dent
Batting: LHB Poto Vasilini 0-0: Ball
1-0: Foul Ball, location: 2F
1-1: Fly out, F9 (Flyball, 89M)
Batting: LHB Juan Romero 0-0: Ball
1-0: Called Strike
1-1: Called Strike
1-2: Ground out 6-3 (Groundball, 6M)
Batting: LHB Mike Godfrey 0-0: Called Strike
0-1: Called Strike
0-2: Ball
1-2: Strikes out swinging
Bottom of the 5th over - 0 run(s), 0 hit(s), 0 error(s), 0 left on base; Wilmington 7 - Kingston 1
TOP OF THE 6TH
Wilmington Rebels batting - Pitching for Kingston Iguanas : RHP Vic Bradshaw
Batting: RHB Roy MacCluskie 0-0: Ball
1-0: Foul Ball, location: 2F
1-1: Ball
2-1: Ball
3-1: Base on Balls
Batting: RHB Enrico Bonizo 0-0: Ball
1-0: Swinging Strike
1-1: Called Strike
1-2: Foul Ball, location: 2F
1-2: Ball
2-2: Foul Ball, location: 2F
2-2: Ball
3-2: Foul Ball, location: 2F
3-2: Base on Balls
Roy MacCluskie to second
Batting: RHB Francisco Tańón 0-0: Ball
1-0: Ball
2-0: Ball
3-0: Called Strike
3-1: Foul Ball, location: 2F
3-2: Base on Balls
Roy MacCluskie to third
Enrico Bonizo to second
Pitching: RHP Robert Alexander
Batting: RHB Carlos Ordóńez 0-0: Called Strike
0-1: Ball
1-1: Swinging Strike
1-2: Ball
2-2: Foul Ball, location: 2F
2-2: Fly out, F1 (Line Drive, 13)
2-2: Lined into DP, 1-3 (Line Drive, 13)
Batting: RHB Al Reese 0-0: Called Strike
0-1: Ground out 5-3 (Groundball, 56)
Top of the 6th over - 0 run(s), 0 hit(s), 0 error(s), 2 left on base; Wilmington 7 - Kingston 1
BOTTOM OF THE 6TH
Kingston Iguanas batting - Pitching for Wilmington Rebels : RHP Thomas Dent
Batting: RHB William Duncan 0-0: Ball
1-0: Swinging Strike
1-1: Ball
2-1: SINGLE (Line Drive, 8LS)
Batting: RHB Soshu Nakamura 0-0: Called Strike
0-1: Foul Ball, location: 2F
0-2: SINGLE (Flyball, 8RS)
William Duncan to second
Batting: RHB Luis Aguilar 0-0: Swinging Strike
0-1: Ball
1-1: Foul Ball, location: 2F
1-2: 3-RUN HOME RUN (Flyball, 8RXD), Distance : 439 ft
Batting: LHB Bob Greene 0-0: Ball
1-0: Foul Ball, location: 2F
1-1: SINGLE (Line Drive, 9S)
Batting: LHB Dave Gordon 0-0: Ball
1-0: Called Strike
1-1: Ball
2-1: Ball
3-1: Fly out, F8 (Flyball, 8RM)
Batting: RHB Bobby Armstrong 0-0: SINGLE (Line Drive, 7S)
Bob Greene to second
Batting: LHB Poto Vasilini 0-0: Swinging Strike
0-1: DOUBLE (Flyball, 9LM)
Bob Greene scores
Bobby Armstrong to third
Batting: LHB Juan Romero 0-0: Foul Ball, location: 2F
0-1: Foul Ball, location: 2F
0-2: Ground out 6-3 (Groundball, 6M)
Bobby Armstrong scores
Poto Vasilini to third
Batting: LHB Mike Godfrey 0-0: Ball
1-0: Ground out 6-3 (Groundball, 6)
Bottom of the 6th over - 5 run(s), 6 hit(s), 0 error(s), 1 left on base; Wilmington 7 - Kingston 6
TOP OF THE 7TH
Wilmington Rebels batting - Pitching for Kingston Iguanas : RHP Robert Alexander
Batting: RHB Jessie Thompson 0-0: Ball
1-0: Ball
2-0: Ground out 5-3 (Groundball, 56)
Batting: LHB Tim Bruce 0-0: Called Strike
0-1: Swinging Strike
0-2: Foul Ball, location: 2F
0-2: Strikes out looking
Batting: RHB Bob Lazzeri 0-0: SOLO HOME RUN (Flyball, 78XD), Distance : 389 ft
Batting: SHB Charles Alexander 0-0: Ball
1-0: Ball
2-0: Ball
3-0: Base on Balls
Batting: RHB Roy MacCluskie 0-0: SINGLE (Line Drive, 6D)
Charles Alexander to second
Pinch Hitting: LHB David Cháves 0-0: Ball
1-0: Ball
2-0: Ball
3-0: Called Strike
3-1: Base on Balls
Charles Alexander to third
Roy MacCluskie to second
Pinch Hitting: RHB Jackson Gibson 0-0: Called Strike
0-1: Swinging Strike
0-2: Strikes out looking
Top of the 7th over - 1 run(s), 2 hit(s), 0 error(s), 3 left on base; Wilmington 8 - Kingston 6
BOTTOM OF THE 7TH
Kingston Iguanas batting - Pitching for Wilmington Rebels : RHP Thomas Dent
Pitching: LHP Corey Moore
Now in CF: Ramón Benítez
Now in RF: David Cháves
Batting: RHB William Duncan 0-0: Foul Ball, location: 2F
0-1: DOUBLE (Groundball, 3L)
Pitching: RHP Manuel Ferreira
Batting: RHB Soshu Nakamura 0-0: Ball
1-0: Swinging Strike
1-1: Swinging Strike
1-2: Foul Ball, location: 2F
1-2: Fly out, F4 (Popup, 4MD)
Pitching: LHP Edwin King
Batting: RHB Luis Aguilar 0-0: Ball
1-0: Called Strike
1-1: Fly out, F8 (Flyball, 8LD)
Runner from 2nd tags up, SAFE at 3rd, no throw
Batting: LHB Bob Greene 0-0: Foul Ball, location: 2F
0-1: 2-RUN HOME RUN (Flyball, 78D), Distance : 389 ft
Batting: LHB Dave Gordon 0-0: Ball
1-0: Foul Ball, location: 2F
1-1: Swinging Strike
1-2: Ball
2-2: Foul Ball, location: 2F
2-2: Foul Ball, location: 2F
2-2: Foul Ball, location: 2F
2-2: Foul Ball, location: 2F
2-2: Strikes out swinging
Bottom of the 7th over - 2 run(s), 2 hit(s), 0 error(s), 0 left on base; Wilmington 8 - Kingston 8
TOP OF THE 8TH
Wilmington Rebels batting - Pitching for Kingston Iguanas : RHP Robert Alexander
Pitching: RHP Guo-fang Juan
Pinch Hitting: LHB Chandler Hubbard 0-0: SINGLE (Flyball, 78M)
Batting: RHB Al Reese 0-0: Sac Bunt - play at first, batter OUT! 3-4
Chandler Hubbard to second
Batting: RHB Jessie Thompson 0-0: Ball
1-0: Called Strike
1-1: Ball
2-1: Ball
3-1: Base on Balls
Batting: LHB Tim Bruce 0-0: Swinging Strike
0-1: Fly out, F4 (Line Drive, 4)
Batting: RHB Bob Lazzeri 0-0: Fly out, F2 (Popup, 2L)
Top of the 8th over - 0 run(s), 1 hit(s), 0 error(s), 2 left on base; Wilmington 8 - Kingston 8
BOTTOM OF THE 8TH
Kingston Iguanas batting - Pitching for Wilmington Rebels : LHP Edwin King
Now in LF: Eugene Allen
Batting: RHB Bobby Armstrong 0-0: Called Strike
0-1: Ball
1-1: Foul Ball, location: 2F
1-2: SINGLE (Groundball, 56D)
Batting: LHB Poto Vasilini 0-0: Called Strike
0-1: Foul Ball, location: 2F
0-2: Ball
1-2: Strikes out swinging
Pinch Hitting: RHB Tim Davis 0-0: Fly out, F6 (Popup, 4MD)
Batting: LHB Mike Godfrey 0-0: Reached on error, E3 (Groundball, 3L)
Bobby Armstrong to second
Batting: RHB William Duncan 0-0: Ball
1-0: Called Strike
1-1: Foul Ball, location: 2F
1-2: Ball
2-2: Strikes out swinging
Bottom of the 8th over - 0 run(s), 1 hit(s), 1 error(s), 2 left on base; Wilmington 8 - Kingston 8
TOP OF THE 9TH
Wilmington Rebels batting - Pitching for Kingston Iguanas : RHP Guo-fang Juan
Pitching: RHP Jesús Gonzáles
Now at SS: Bill Crawley
Batting: SHB Charles Alexander 0-0: Ball
1-0: Ball
2-0: Ball
3-0: Base on Balls
Pinch Hitting: LHB Denny Poole 0-0: Ball
1-0: Grounds out, U3 (Groundball, 3L)
Batting: LHB David Cháves 0-0: Intentional Walk
Batting: LHB Ramón Benítez 0-0: Ball
1-0: Ball
2-0: Fly out, F4 (Popup, 4M)
Pinch Hitting: RHB Joey Boyd 0-0: Called Strike
0-1: Ball
1-1: Foul Ball, location: 2F
1-2: Strikes out looking
Top of the 9th over - 0 run(s), 0 hit(s), 0 error(s), 2 left on base; Wilmington 8 - Kingston 8
BOTTOM OF THE 9TH
Kingston Iguanas batting - Pitching for Wilmington Rebels : LHP Edwin King
Now at SS: Octávio Marín
Now in LF: Juan Jose Mendoza
Batting: RHB Soshu Nakamura 0-0: Fly out, F6 (Line Drive, 6)
Batting: RHB Luis Aguilar 0-0: Ball
1-0: Ground out 6-3 (Groundball, 6)
Batting: LHB Bob Greene 0-0: Ball
1-0: Swinging Strike
1-1: Swinging Strike
1-2: Strikes out swinging
Bottom of the 9th over - 0 run(s), 0 hit(s), 0 error(s), 0 left on base; Wilmington 8 - Kingston 8
TOP OF THE 10TH
Wilmington Rebels batting - Pitching for Kingston Iguanas : RHP Jesús Gonzáles
Batting: RHB Al Reese 0-0: Ball
1-0: Ball
2-0: Called Strike
2-1: Called Strike
2-2: Strikes out looking
Batting: RHB Jessie Thompson 0-0: Called Strike
0-1: Swinging Strike
0-2: Ball
1-2: Ball
2-2: Ball
3-2: Foul Ball, location: 2F
3-2: Ground out 4-3 (Groundball, 4M)
Batting: LHB Tim Bruce 0-0: SINGLE (Groundball, 13) (infield hit)
Batting: RHB Bob Lazzeri 0-0: Called Strike
0-1: Ball
1-1: Foul Ball, location: 2F
1-2: Ball
2-2: Fielders Choice at 2nd, U4 (Groundball, 4M)
Top of the 10th over - 0 run(s), 1 hit(s), 0 error(s), 1 left on base; Wilmington 8 - Kingston 8
BOTTOM OF THE 10TH
Kingston Iguanas batting - Pitching for Wilmington Rebels : LHP Edwin King
Batting: LHB Dave Gordon 0-0: Called Strike
0-1: SINGLE (Line Drive, 4M)
Batting: RHB Bobby Armstrong 0-0: Sac Bunt - play at second, runner OUT! 1-6
Batting: LHB Poto Vasilini 0-0: Ball
1-0: Ball
2-0: Foul Ball, location: 2F
2-1: Ball
3-1: Base on Balls
Bobby Armstrong to second
Pinch Hitting: RHB Mike Johnson 0-0: Foul Ball, location: 2F
0-1: Foul Ball, location: 2F
0-2: Ball
1-2: Foul Ball, location: 2F
1-2: Foul Ball, location: 2F
1-2: Strikes out swinging
Batting: LHB Mike Godfrey 0-0: Called Strike
0-1: SINGLE (Groundball, 56D)
Bobby Armstrong to third
Poto Vasilini to second
Runner from 3rd tries for Home, SAFE, no throw or cutoff
Monday, December 5th, 2016 - OOTP Baseball 17.12 Build 75